 Dungeon Crawl Stone Soup version 0.14-a0-1974-gdb6e453 (webtiles) character file.

125 4tharraofdagon the Vexing (level 3, -12/16 HPs)
             Began as a Spriggan Enchanter on Jan 18, 2014.
             Shot with a sling bullet of flame by Joseph (17 damage)
             ... on Level 7 of the Dungeon.
             The game lasted 00:05:03 (731 turns).

4tharraofdagon the Vexing (Spriggan Enchanter)       Turns: 731, Time: 00:05:03

HP -12/16        AC  3     Str  5      XL: 3   Next: 78%
MP   7/11        EV 18     Int 16      God:
Gold 66          SH  0     Dex 16      Spells:  3 memorised,  2 levels left

rFire  . . .     SeeInvis +     a - +1 dagger
rCold  . . .     Clarity  .     b - +1 robe
rNeg   . . .     Conserve .     (shield restricted)
rPois  .         rCorr    .     (helmet restricted)
rElec  .         rRot     .     (no cloak)
SustAb . .       Spirit   .     (gloves unavailable)
rMut   .         Warding  .     (boots unavailable)
Saprov . . .     Stasis   .     (no amulet)
MR     .....                    (no ring)
                                (no ring)

@: very slightly contaminated, very quick, not resistant to hostile
enchantments, stealthy
A: unfitting armour, see invisible, herbivore 3, speed 3, slow metabolism 2
a: no special abilities


You were on level 7 of the Dungeon.
You were not hungry.

You visited 2 branches of the dungeon, and saw 8 of its levels.

You collected 66 gold pieces.

Inventory:

Hand weapons
 a - a +1,+1 dagger (weapon)
Missiles
 d - 12 darts (quivered)
 p - 13 exploding darts
Armour
 b - a +1 robe (worn)
Comestibles
 l - a bread ration
 m - a slice of pizza
Scrolls
 f - a scroll of fear
Potions
 e - a potion of porridge
 h - 2 potions of poison {unknown}
 n - a potion of magic {unknown}
 o - a potion of agility {unknown}
Books
 c - a book of Maledictions

   Spells                             Type                      Level
   *Corona                            Hexes                        1
   Sure Blade                         Hexes/Charms                 2
   *Ensorcelled Hibernation           Hexes/Ice                    2
   *Confuse                           Hexes                        3
   Enslavement                        Hexes                        4
   Invisibility                       Hexes                        6
 q - a book of Debilitation

   Spells                             Type                      Level
   *Corona                            Hexes                        1
   Slow                               Hexes                        2
   Inner Flame                        Hexes/Fire                   3
   Enslavement                        Hexes                        4
   Cause Fear                         Hexes                        4
   Leda's Liquefaction                Hexes/Earth                  4


   Skills:
 * Level 2.5 Short Blades
 - Level 1.1 Throwing
 + Level 3.4 Dodging
 + Level 3.8 Stealth
 + Level 3.3 Spellcasting
 + Level 4.1 Hexes


You had 2 spell levels left.
You knew the following spells:

 Your Spells              Type           Power        Failure   Level  Hunger
a - Corona                Hex            ###....      4%          1    None
b - Ensorcelled Hibernat  Hex/Ice        #.....       14%         2    ##.....
c - Confuse               Hex            ###.....     12%         3    ###....


Dungeon Overview and Level Annotations

Branches:
Dungeon (7/16)             Temple (1/1) D:5

Altars:
Ashenzari
Cheibriados
Fedhas
Makhleb
Sif Muna
Trog
Vehumet
Xom
Yredelemnul
Zin
the Shining One

Annotations:
D:6 Edmund
D:7 4tharraofdagon's ghost, weakling SpEn; Joseph


Innate Abilities, Weirdness & Mutations

You are tiny and cannot use many weapons and most armour.
You have supernaturally acute eyesight.
You are a herbivore.
You cover ground extremely quickly.
You need consume almost no food.


Message History

Read which item? (? for menu, Esc to quit)
As you read the scroll labeled FROGE RENUVUT, it crumbles to dust.
Use on which item? (\ to view known items) (? for menu, Esc to quit)
f - a scroll of fear It was a scroll of identify.
The giant gecko completely misses you.
The giant gecko bites you but does no damage.
Found an escape hatch in the floor.
Found a stone staircase leading up.
Read which item? (? for menu, Esc to quit)
Okay, then.
Unknown command.
The giant gecko barely misses you.
Unknown command.
Unknown command.
The giant gecko misses you. The giant gecko bites you.
Found 3 tomahawks.
Joseph shoots a sling bullet of flame.
The sling bullet of flame hits you!
Ouch! That really hurt!
You die...

,,,,,,,,..#.#..#.#.8.#.#.#.#..#
*,*,,,,,,*,#,#@...#.#⌠#.#####.##
*,** ,*,,***,##.###.#######*###**
*,* *,*, ,,,,*#.#...........,,,,*
,* *,*,,* ***#.#l#.#.#####** ,*
*,* *,*,,* #.#.#.#...,,,,,,*,*
*,* *,*,,* #.#.#..,..#,,,,,*,*
*,***,*,.######.#.#.....#,,, ,*,*
*,, ,,,,........@.#.....#,,,,**,
*,,**,*,........(##.....*,,,,**,*
*,,*,,,, ..............,,,,,,,,,,
*,,******#######..#.,,, ,**,***,*
,,*******,,,,*...#,,,,,, *,* *,*
*,,*,,, ,,,, ,*#..#,****,,,,* *,*
*,,,,,,,,,,,,, ...# * ****** *,*
**,*,,,,,,,,,,*#..#,* *,*
**,*,,,,,,,,,,*##.*,* *,*


You could see Joseph and a giant gecko.

Vanquished Creatures
  A worker ant (D:3)
  2 adders (D:2)
  A worm (D:6)
  An orc (D:6)
  A bat (D:6)
  A bat zombie (D:3)
  A jackal (D:5)
  2 giant newts
  A goblin (D:3)
  A kobold (D:2)
  6 rats
18 creatures vanquished.

Notes
Turn   | Place    | Note
--------------------------------------------------------------
     0 | D:1      | 4tharraofdagon, the Spriggan Enchanter, began the quest for the Orb.
     0 | D:1      | Reached XP level 1. HP: 9/9 MP: 4/4
    53 | D:2      | Reached XP level 2. HP: 13/13 MP: 7/7
    61 | D:2      | Learned a level 2 spell: Ensorcelled Hibernation
   239 | D:3      | Reached skill level 4 in Hexes
   239 | D:3      | Reached XP level 3. HP: 13/16 MP: 2/11
   273 | D:4      | Noticed an ogre
   295 | D:5      | Entered Level 5 of the Dungeon
   342 | D:6      | Noticed Edmund
   353 | D:5      | Learned a level 3 spell: Confuse
   387 | D:5      | Found a staircase to the Ecumenical Temple.
   426 | Temple   | Entered the Ecumenical Temple
   645 | D:7      | Noticed 4tharraofdagon's ghost (weakling SpEn)
   678 | D:7      | Noticed Joseph
   685 | D:7      | Found a snail-covered altar of Cheibriados.
   692 | D:7      | Found a glowing golden altar of the Shining One.
   731 | D:7      | Shot with a sling bullet of flame by Joseph

Action                   || total
-------------------------++-------
Melee: Dagger            ||    29
 Cast: Ensorcelled Hiber ||    11
       Confuse           ||     1
  Use: Scroll            ||     4
 Stab: Sleeping          ||    11
       Distracted        ||     1
